 Dungeon Crawl Stone Soup version 0.30-a0-1160-g6e42c06551 (webtiles) character file.

Game seed: 18090527969118665817

252430 Twinkles the Brawler (level 18, -7/207 HPs)
             Began as an Armataur Monk on Apr 23, 2023.
             Was the Champion of Jiyva.
             Killed from afar by a ghostly deep elf annihilator (43 damage)
             ... with a bolt of lightning
             ... on level 3 of the Elven Halls on Apr 25, 2023.
             The game lasted 03:40:22 (42691 turns).

Twinkles the Brawler (Armataur Monk)               Turns: 42691, Time: 03:40:23

Health: -7/207     AC: 29    Str: 23    XL:     18   Next: 47%
Magic:  24/24      EV: 15    Int: 15    God:    Jiyva [******]
Gold:   1201       SH: 17    Dex: 15    Spells: 15/17 levels left

rFire   + .          .
                       - Unarmed
rCold   + + +        c - +1 tower shield {reflect}
rNeg    . . .        V - +4 scale mail {Will+}
rPois   .            (no helmet)
rElec   .            z - +2 cloak
rCorr   +            s - +2 pair of gloves
SInv    +            (no barding)
Will    ++++.        k - amulet of faith
Stlth   ++           j - ring "Kit Ynk" {rF+ rC++ Will+}
HPRegen 2.14/turn    x - ring "Noz Imeg" {Will+ EV+5 Dex+3 SInv}
MPRegen 0.69/turn

%: reflection, roll, faith
@: studying Ice Magic
A: large, rugged brown scales 3, deformed body, armoured tail, roll, long
tongue, awkward tongue, stinger 1, iridescent scales 3, clever 1, robust 2,
shaggy fur 3, wild magic 1, acidic bite, eyeballs 1, engulf
}: 3/15 runes: decaying, slimy, gossamer
a: Renounce Religion, Oozemancy, Slimify


You were on level 3 of the Elven Halls.
You worshipped Jiyva.
Jiyva was exalted by your worship.
You visited 8 branches of the dungeon, and saw 39 of its levels.
You also visited: Sewer, Bailey, Gauntlet and Ice Cave.

You collected 2471 gold pieces.
You spent 1270 gold pieces at shops.

Inventory:

Armour
 c - a +1 tower shield of reflection (worn)
 s - a +2 pair of gloves (worn)
 z - a +2 cloak (worn)
 V - a +4 scale mail of willpower (worn)
Jewellery
 a - a +4 ring of slaying
 b - the ring of Zizil {rElec rPois rF+ rC- Dex+7}
   (You took it off a meliai on level 4 of the Spider Nest)

   [ring of protection from fire]

   Dex:       It affects your dexterity (+7).
   rF:        It protects you from fire.
   rC:        It makes you vulnerable to cold.
   rElec:     It insulates you from electricity.
   rPois:     It protects you from poison.
 e - the ring of Pydghiyn {*Slow rElec rCorr Str+4 SInv}
   (You found it in a Gauntlet)

   [ring of resist corrosion]

   Str:       It affects your strength (+4).
   rElec:     It insulates you from electricity.
   SInv:      It lets you see invisible.
   rCorr:     It protects you from acid and corrosion.
   *Slow:     It may slow you when you take damage.
 g - the ring "Urcharoru" {rN++ AC+4}
   (You found it on level 5 of the Pits of Slime)

   [ring of protection]

   AC:        It affects your AC (+4).
   rN:        It greatly protects you from negative energy.
 j - the ring "Kit Ynk" (left hand) {rF+ rC++ Will+}
   (You bought it in a shop on level 2 of the Orcish Mines)

   [ring of willpower]

   rF:        It protects you from fire.
   rC:        It greatly protects you from cold.
   Will:      It increases your willpower.
 k - an amulet of faith (around neck)
 t - the ring "Nussar" {+Blink rN+ Will- Int+3}
   (You found it on level 5 of the Pits of Slime)

   [ring of positive energy]

   Int:       It affects your intelligence (+3).
   rN:        It protects you from negative energy.
   +Blink:    It lets you blink.
   Will:      It decreases your willpower.
 x - the ring "Noz Imeg" (right hand) {Will+ EV+5 Dex+3 SInv}
   (You found it on level 5 of the Pits of Slime)

   [ring of evasion]

   EV:        It affects your evasion (+5).
   Dex:       It affects your dexterity (+3).
   SInv:      It lets you see invisible.
   Will:      It increases your willpower.
Wands
 d - a wand of digging (9)
 h - a wand of acid (8)
 i - a wand of iceblast (6)
 p - a wand of paralysis (14)
 q - a wand of flame (59)
 y - a wand of mindburst (2)
Scrolls
 f - 2 scrolls of noise
 o - 3 scrolls of butterflies
 r - 2 scrolls of poison
 u - a scroll of amnesia
 D - 4 scrolls of blinking
 E - 4 scrolls of fear
 F - 4 scrolls of fog
 K - 5 scrolls of immolation
 O - 4 scrolls of enchant armour
 X - a scroll of magic mapping
 Y - 7 scrolls of teleportation
 Z - a scroll of identify
Potions
 A - a potion of attraction
 B - 3 potions of brilliance
 C - 3 potions of cancellation
 G - 3 potions of ambrosia
 H - 6 potions of haste
 I - 3 potions of invisibility
 J - 6 potions of curing
 L - 6 potions of flight
 M - 3 potions of might
 N - 5 potions of heal wounds
 P - 2 potions of lignification
 Q - 3 potions of magic
 R - 3 potions of resistance
 T - 4 potions of berserk rage
Miscellaneous
 l - a condenser vane (inert)
 m - a phantom mirror
 v - a lightning rod (4/4)
 w - a phial of floods


   Skills:
 + Level 15.5 Fighting
 - Level 13.7 Armour
 + Level 9.9 Dodging
 - Level 5.0 Stealth
 - Level 10.0 Shields
 + Level 16.5 Unarmed Combat
 - Level 4.3 Air Magic
 - Level 4.3 Poison Magic
 - Level 8.0 Invocations
 - Level 12.0 Evocations


You had 15 spell levels left.
You knew the following spells:

 Your Spells              Type           Power      Damage    Failure   Level
a - Poisonous Vapours     Pois/Air       34%        N/A       54%         2

Your spell library contained the following spells:

 Spells                   Type           Power      Damage    Failure   Level
 Sting                    Tmut/Pois      32%        1d4       71%         1
 Mephitic Cloud           Conj/Pois/Air  11%        N/A       92%         3
 Apportation              Tloc           0%         N/A       93%         1
 Magic Dart               Conj           0%         1d3       93%         1
 Necrotise                Necr           0%         1d4       93%         1
 Summon Small Mammal      Summ           0%         N/A       93%         1
 Call Imp                 Summ           0%         N/A       98%         2
 Passwall                 Tmut/Erth      0%         N/A       98%         2
 Sublimation of Blood     Necr           0%         N/A       98%         2
 Wereblood                Tmut           0%         N/A       98%         2
 Ignite Poison            Fire/Tmut/Pois 5%         N/A       98%         3
 Olgreb's Toxic Radiance  Pois           17%        N/A       98%         4
 Dazzling Flash           Conj/Hex       0%         N/A       100%        3
 Portal Projectile        Hex/Tloc       0%         N/A       100%        3
 Stone Arrow              Conj/Erth      0%         3d7       100%        3
 Tukima's Dance           Hex            0%         N/A       100%        3
 Volatile Blastmotes      Fire/Tloc      0%         2d10      100%        3
 Animate Armour           Summ/Erth      0%         N/A       100%        4
 Fulminant Prism          Conj/Hex       0%         3d5       100%        4
 Ice Form                 Ice/Tmut       0%         N/A       100%        4
 Iskenderun's Mystic Bla  Conj/Tloc      0%         2d3       100%        4
 Leda's Liquefaction      Hex/Erth       0%         N/A       100%        4
 Sticky Flame             Conj/Fire      0%         2d3       100%        4
 Agony                    Necr           0%         N/A       100%        5
 Blade Hands              Tmut           0%         N/A       100%        5
 Lee's Rapid Deconstruct  Erth           0%         3d4*      100%        5
 Silence                  Hex/Air        4%         N/A       100%        5
 Yara's Violent Unravell  Hex/Tmut       0%         3d3       100%        5
 Plasma Beam              Fire/Air       4%         2x1d15    100%        6
 Statue Form              Tmut/Erth      0%         N/A       100%        6
 Dragon Form              Tmut           0%         N/A       100%        7
 Summon Hydra             Summ           0%         N/A       100%        7
 Ignition                 Fire           0%         3d3       100%        8
 Lehudib's Crystal Spear  Conj/Erth      0%         10d2      100%        8


Dungeon Overview and Level Annotations

Branches:
Dungeon (15/15) Zot: 25884  Temple (1/1) D:7 Zot: 5818    Lair (5/5) D:11 Zot: 21599
  Swamp (4/4) Lair:3 Zot: 19422  Spider (4/4) Lair:3 Zot: 17963   Slime (5/5) Lair:4 Zot: 26860
    Orc (2/2) D:12 Zot: 9542     Elf (3/3) Orc:2 Zot: 14885  Depths (0/4) D:15
  Sewer (visited)          Bailey (visited)           IceCv (visited)
Gauntlet (visited)
 Vaults: D:13-14

Altars:
Ashenzari
Cheibriados
Dithmenos
Elyvilon
Fedhas
Gozag
Hepliaklqana
Kikubaaqudgha
Makhleb
Nemelex Xobeh
Okawaru
Qazlal
Ru
Sif Muna
Trog
Uskayaw
Vehumet
Wu Jian
Xom
Yredelemnul
Zin
The Shining One
Jiyva

Shops:
D:4 [   Orc:2 !?=[   Elf:2 *

Portals:
Pandemonium: Orc:2
Trove: Elf:2 (give 11 potions of heal wounds)

Annotations:
D:7 3 runed translucent doors, SpyderV's ghost, novice HOFi
D:8 3 runed translucent doors, MathMan16's ghost, novice HOMo
D:9 exclusions: downstairs and 1 more exclusion
D:13 2 runed translucent doors
D:14 exclusions: door, human and 1 more exclusion, Louise
Lair:1 1 runed translucent door, Vadun's ghost, journeyman DsGl
Lair:4 3 exclusions
Slime:4 Dissolution
Slime:5 Royal Jelly
Orc:1 3 runed translucent doors, Vuvadabb's ghost, journeyman HOMo


Innate Abilities, Weirdness & Mutations

You are completely covered in rugged brown scales. (AC +3, +7% HP)
Armour fits poorly on your strangely shaped body.
You have a long armoured tail.
You roll when moving toward enemies. (Rampage)
Your long tongue fully drains potion bottles. (2x potion effects)
Your tongue gives you trouble enunciating. (1.5x scroll delay)
Your tail ends in a venomous barb.
You are completely covered in iridescent scales. (AC +6)
Your mind is acute. (Int +4, Str/Dex -1)
You are very robust. (+20% HP)
Your thick and shaggy fur keeps you warm. (AC +3, rC+)
Your spells are a little harder to cast, but a little more powerful.
You have acidic saliva.
Your body has grown eyes which may confuse attackers. (Acc +3)
Your melee attacks may engulf your foes in ooze.


Message History

You miss the deep elf blademaster.
Your tail-slap misses the deep elf blademaster.
The deep elf blademaster is heavily wounded.
You block the deep elf blademaster's attack.
The deep elf blademaster hits you with a +1 rapier of holy wrath!
The deep elf blademaster misses you.
The deep elf blademaster hits you with a +1 rapier of holy wrath!
The earth elemental barely misses you.
The deep elf high priest prays to its god.
The deep elf high priest begins emitting a brilliant aura!
The deep elf annihilator is empowered by the deep elf high priest's aura!
A deep elf sorcerer comes into view.
It is wielding a +1 short sword of electrocution.
You punch the deep elf blademaster!
Your tail-slap misses the deep elf blademaster.
Your bite misses the deep elf blademaster.
The deep elf blademaster is heavily wounded.
The deep elf blademaster is asphyxiated!
The deep elf blademaster hits you with a +1 rapier of holy wrath!
The deep elf blademaster closely misses you.
You hit the deep elf blademaster.
The deep elf blademaster is severely wounded.
The deep elf blademaster is asphyxiated!
You block the deep elf blademaster's attack. x2
The ghostly deep elf annihilator casts a spell at you.
The bolt of lightning hits the earth elemental.
The earth elemental completely resists.
The bolt of lightning hits you!!!
* * * LOW HITPOINT WARNING * * *
The bolt of lightning hits the deep elf blademaster!!!
The deep elf blademaster dies!
The earth elemental hits you!!
* * * LOW HITPOINT WARNING * * *
You hear a shout! x7
Blink to where?
Press: ? - help, Dir - move target As you slowly read the scroll of blinking, it crumbles to dust.
The ghostly deep elf annihilator casts a spell at you.
The bolt of lightning misses you.
The ghostly deep elf annihilator points at you and mumbles some strange words.
The bolt of lightning hits you!!!
You die...

<................................
.......................(.........
~~~~~≈≈≈~~≈~~≈~~≈≈~~~~~~~~~~≈≈~~~
~≈≈≈~≈≈≈≈≈≈≈≈≈≈≈≈≈≈≈≈≈≈≈≈≈≈≈≈≈≈≈~
#################################
.................................
.................................
###'######'###'########'#######'#
.....'.......'..@....#........#..
.....#.......#.......'........'..
.....#....|..#....E..#e.......#..
###################.E.###########
#E## #(# #)# #(# #§#


You could see a ghostly deep elf annihilator (empowered), 3 earth elementals and
a +2 flail of protection.

Vanquished Creatures
  A deep elf blademaster (Elf:3)
  A fenstrider witch (Swamp:2)
  Roxanne (Swamp:2)
  A deep elf sorcerer (Elf:3)
  A ghost moth (Spider:4)
  5 emperor scorpions
  A very ugly thing (IceCv)
  2 ghouls (Swamp:3)
  A deep elf demonologist (Elf:3)
  5 eleionomae
  A minotaur (Gauntlet)
  3 bunyips
  A deep elf annihilator (Elf:2)
  2 spark wasps
  2 deep elf death magi (Elf:3)
  A shambling mangrove (Swamp:4)
  Josephine (D:12)
  Fannar (D:12)
  5 entropy weavers
  A ghost crab (Swamp:2)
  16 hydras
  An ice dragon (Spider:2)
  A demonspawn (Orc:2)
  A caustic shrike simulacrum (IceCv)
  5 jorogumos (Spider:3)
  5 centaur warriors
  2 catoblepae
  21 dancing weapons
  A tengu warrior (D:15)
  5 alligators
  A deep troll shaman (Lair:5)
  A two-headed ogre (D:10)
  3 radroaches (Spider:4)
  12 boulder beetles
  8 orc high priests (Orc:2)
  8 death yaks
  A death scarab (Spider:1)
  12 deep elf knights
  A hell knight (D:15)
  Nergalle (Orc:1)
  Urug (D:13)
  Amaemon (Lair:1)
  A skyshark (Lair:1)
  6 pharaoh ants
  A skeletal warrior (D:11)
  A deep troll (D:15)
  2 spriggan druids (Swamp:4)
  7 orb spiders
  2 sun moths
  3 goliath frogs
  15 swamp dragons
  A wizard (D:15)
  4 deep elf archers (Elf:1)
  3 bog bodies
  14 steelbarb worms
  4 orc knights (Orc:2)
  8 deep elf zephyrmancers
  A lindwurm (Lair:5)
  14 wolf spiders
  18 deep elf pyromancers
  A necromancer (D:15)
  2 manticores (D:15)
  4 cyclopes
  11 ugly things
  6 orc sorcerers
  2 will-o-the-wisps
  3 moths of wrath
  Joseph (D:10)
  A moth of wrath (shapeshifter) (D:15)
  An orange demon (Lair:1)
  4 black mambas
  10 elephants
  A rust devil (Orc:2)
  13 demonic crawlers
  8 torpor snails
  2 gargoyles
  8 cane toads
  2 rime drakes
  2 unseen horrors
  2 efreet
  2 tengu conjurers
  An ice devil (Orc:2)
  An unseen horror zombie (D:9)
  A freezing wraith (Spider:2)
  11 komodo dragons
  A yaktaur (D:14)
  3 meliai
  4 trolls
  2 polar bears (Lair:5)
  12 hornets
  14 blink frogs
  15 tyrant leeches
  A wolf spider simulacrum (D:14)
  13 tarantellas
  10 dream sheep
  12 jumping spiders
  A slime creature (Gauntlet)
  12 spriggans
  2 vampires (D:9)
  3 wyverns
  7 wraiths
  9 culicivoras
  2 shadows
  2 dire elephant simulacra (IceCv)
  32 yaks
  3 water elementals
  8 basilisks
  5 humans (Bailey)
  Grum (D:8)
  A fire elemental (Elf:1)
  A chaos spawn (Orc:2)
  2 steam dragons (D:7)
  9 vampire mosquitoes
  20 redbacks
  A harpy simulacrum (IceCv)
  3 wargs
  3 acid dragons
  12 swamp worms
  A hydra simulacrum (IceCv)
  15 water moccasins
  4 swamp drakes
  A sky beast (D:8)
  3 black bears
  34 orc warriors
  2 alligator simulacra (IceCv)
  3 ice beasts
  6 centaurs
  A boggart (D:11)
  8 ogres
  14 wolves
  A kobold brigand (D:8)
  A phantom (D:4)
  10 bullfrogs
  4 scorpions
  2 necrophages
  A water moccasin zombie (D:4)
  An earth elemental (Elf:1)
  13 wights
  A lindwurm simulacrum (IceCv)
  10 killer bees
  4 howler monkeys
  4 electric eels
  11 hounds
  3 centaur zombies (D:9)
  A human zombie (D:9)
  24 orc priests
  2 jellies
  A sleepcap (D:5)
  An iguana (D:6)
  14 orc wizards
  A sickly merfolk siren (Sewer)
  A malarious merfolk avatar (Sewer)
  A hound zombie (D:4)
  4 mummies (D:9)
  5 gnolls
  10 adders
  2 river rats (Sewer)
  An adder skeleton (D:4)
  An adder zombie (D:4)
  2 worms
  A dart slug (D:5)
  64 orcs
  11 ball pythons
  3 bats
  6 endoplasms
  2 giant cockroaches
  11 goblins
  4 hobgoblins
  5 jackals
  13 kobolds
  6 quokkas
  3 frilled lizards
  25 rats
959 creatures vanquished.

Vanquished Creatures (collateral kills)
  the Lernaean hydra (Swamp:4)
  A hydra (Swamp:4)
  A jorogumo (Spider:3)
  A spriggan druid (Swamp:1)
  2 swamp dragons
  A jumping spider (Spider:3)
  A spriggan (Swamp:1)
8 creatures vanquished.

Vanquished Creatures (others)
  A deep elf blademaster (Elf:3)
  2 acid blobs (Spider:3)
  An azure jelly (Spider:4)
  A deep elf sorcerer (Elf:1)
  A deep elf elementalist (Elf:1)
  A deep elf death mage (Elf:1)
  An entropy weaver (Spider:3)
  2 hydras (Lair:3)
  A jorogumo (Spider:3)
  A centaur warrior (D:13)
  A dancing weapon (Elf:2)
  3 boulder beetles
  A death yak (Lair:5)
  A skyshark (Lair:5)
  An orb spider (Spider:3)
  A goliath frog (Swamp:2)
  A pharaoh ant (Spider:1)
  A bog body (Swamp:1)
  2 deep elf zephyrmancers (Elf:1)
  An orc knight (Orc:2)
  An ugly thing (D:12)
  5 deep elf pyromancers (Elf:1)
  A moth of wrath (Spider:4)
  An elephant (Lair:4)
  2 black mambas
  A demonic crawler (Spider:3)
  2 gargoyles
  A torpor snail (Gauntlet)
  2 rime drakes (Lair:5)
  3 komodo dragons
  A troll (D:13)
  A bloated husk (Swamp:2)
  A polar bear (Lair:5)
  A dream sheep (shapeshifter) (Elf:1)
  2 blink frogs (Lair:2)
  14 slime creatures
  2 culicivoras
  A water elemental (D:13)
  2 air elementals
  4 jumping spiders
  A spriggan (Swamp:1)
  A basilisk (Lair:5)
  3 vampire mosquitoes
  2 redbacks
  A warg (D:12)
  An acid dragon (D:11)
  A water moccasin (Lair:5)
  2 orc warriors (D:12)
  4 wolves
  A centaur (D:12)
  92 jellies
  3 orc priests
  3 orc wizards
  5 orcs
  4 demonic plants (Gauntlet)
  10 foxfires
  44 fungi
  31 plants
282 creatures vanquished.

Grand Total: 1249 creatures vanquished

Notes
Turn   | Place    | Note
-------+----------+-------------------------------------------
     0 | D:1      | Twinkles the Armataur Monk began the quest for the Orb.
     0 | D:1      | Reached XP level 1. HP: 19/19 MP: 1/1
   120 | D:1      | Reached XP level 2. HP: 23/26 MP: 2/2
   194 | D:1      | Reached skill level 3 in Unarmed Combat
   848 | D:2      | Reached XP level 3. HP: 21/33 MP: 3/3
  1393 | D:3      | Found a broken altar of Ashenzari.
  1575 | D:3      | Reached XP level 4. HP: 40/40 MP: 4/4
  1576 | D:3      | Found a glowing drain.
  1587 | Sewer    | Entered a sewer
  1692 | Sewer    | Reached skill level 1 in Air Magic
  1692 | Sewer    | Reached skill level 1 in Poison Magic
  1754 | Sewer    | Reached XP level 5. HP: 43/48 MP: 5/5
  1967 | Sewer    | Learned a level 2 spell: Poisonous Vapours
  2119 | D:3      | Found an iron altar of Okawaru.
  2411 | D:3      | Found a glowing silver altar of Zin.
  2675 | D:4      | Noticed a phantom
  2693 | D:4      | Killed a phantom
  2694 | D:4      | Reached XP level 6. HP: 53/55 MP: 4/6
  2775 | D:4      | Found Zaset's Antique Armour Emporium.
  2780 | D:4      | Bought a runed cloak for 195 gold pieces
  2879 | D:4      | Found a sparkling altar of Nemelex Xobeh.
  3084 | D:5      | Entered Level 5 of the Dungeon
  3179 | D:5      | Reached skill level 4 in Unarmed Combat
  3468 | D:5      | Reached XP level 7. HP: 60/63 MP: 5/7
  3540 | D:5      | HP: 19/64 [poisoned by an orc]
  3917 | D:5      | Found an ancient bone altar of Kikubaaqudgha.
  4820 | D:6      | Reached XP level 8. HP: 45/71 MP: 6/8
  4963 | D:6      | Identified the +6 mace of the Slime-mould {pain, Int+2
                  | Dex+3 SInv}
  5280 | D:6      | Reached skill level 5 in Fighting
  5340 | D:6      | Reached skill level 5 in Unarmed Combat
  5841 | D:7      | Found a staircase to the Ecumenical Temple.
  5849 | Temple   | Entered the Ecumenical Temple
  6052 | D:7      | Found a runed translucent gate.
  6054 | D:7      | Found a runed translucent gate.
  6054 | D:7      | Found an opulent altar of Gozag.
  6055 | D:7      | Found a runed translucent gate.
  6060 | D:7      | Noticed SpyderV's ghost (novice HOFi)
  6060 | D:7      | Noticed a two-headed ogre
  6370 | D:7      | Found a sacrificial altar of Ru.
  6425 | D:7      | HP: 19/67 [wight/+6 dire flail (7)]
  6431 | D:7      | HP: 15/65 [wight/+4 mace (1)]
  7037 | D:7      | Reached XP level 9. HP: 65/77 MP: 7/9
  7327 | D:8      | Noticed Grum
  7407 | D:8      | Reached skill level 1 in Armour
  7528 | D:8      | Reached skill level 6 in Unarmed Combat
  7562 | D:8      | Noticed a centaur warrior
  7574 | D:8      | HP: 20/83 [centaur warrior/+0 rapier (9)]
  7576 | D:8      | HP: 6/83 [centaur warrior/+0 rapier (4)]
  7577 | D:8      | Killed a centaur warrior
  7578 | D:8      | Reached skill level 5 in Armour
  7578 | D:8      | Reached skill level 7 in Unarmed Combat
  7890 | D:8      | Found a runed translucent gate.
  7891 | D:8      | Found a runed translucent gate.
  7891 | D:8      | Noticed MathMan16's ghost (novice HOMo)
  7891 | D:8      | Noticed a nine-headed hydra
  7892 | D:8      | Found a runed translucent gate.
  7909 | D:7      | Reached XP level 10. HP: 44/92 MP: 4/10
  8377 | D:8      | Killed Grum
  8760 | D:9      | Identified the +2 leather armour "Jaylaklof" {rPois Str+6
                  | Int-5}
  8805 | D:9      | Found a flagged portal.
  8827 | Bailey   | Entered a bailey
  8985 | Bailey   | Reached skill level 8 in Unarmed Combat
  9180 | Bailey   | Noticed Prince Ribbit
  9182 | Bailey   | Noticed a vault guard
  9259 | D:9      | Found a shadowy altar of Dithmenos.
  9270 | D:9      | HP: 19/94 [vampire/vampiric draining (13)]
  9632 | D:9      | HP: 28/94 [vampire (9)]
 10109 | D:9      | Found a snail-covered altar of Cheibriados.
 10163 | D:9      | Found a white marble altar of Elyvilon.
 10216 | D:9      | Found a basalt altar of Yredelemnul.
 10246 | D:9      | Became a worshipper of Elyvilon the Healer
 10246 | D:9      | Reached * piety under Elyvilon
 10246 | D:9      | Reached ** piety under Elyvilon
 10280 | D:9      | Found a stormy altar of Qazlal.
 10410 | D:9      | Reached skill level 9 in Unarmed Combat
 10505 | D:10     | Entered Level 10 of the Dungeon
 10535 | D:10     | Noticed a two-headed ogre
 10620 | D:10     | Noticed Joseph
 10711 | D:10     | Killed Joseph
 10712 | D:10     | Reached XP level 11. HP: 84/101 MP: 7/11
 11013 | D:9      | Paralysed by a hornet for 2 turns
 11204 | D:10     | Killed a two-headed ogre
 11205 | D:10     | Reached skill level 1 in Shields
 11205 | D:10     | Reached skill level 1 in Invocations
 11846 | D:10     | Reached *** piety under Elyvilon
 12148 | D:11     | Found a staircase to the Lair.
 12159 | Lair:1   | Entered Level 1 of the Lair of Beasts
 12578 | D:11     | Noticed a boulder beetle
 12626 | D:11     | Killed a boulder beetle
 12758 | D:11     | Identified the +0 robe of Instinct {rPois rCorr Int+3}
 12939 | D:11     | Noticed a centaur warrior
 12942 | D:11     | Reached skill level 10 in Unarmed Combat
 12942 | D:11     | Noticed a skeletal warrior
 12942 | D:11     | Noticed a catoblepas
 13135 | Lair:1   | Noticed Amaemon
 13160 | Lair:1   | Killed Amaemon
 13447 | Lair:1   | Found a runed translucent door.
 13447 | Lair:1   | Noticed Vadun's ghost (journeyman DsGl)
 13502 | Lair:1   | Reached skill level 5 in Shields
 13519 | Lair:1   | Noticed a skyshark
 13530 | Lair:1   | Killed a skyshark
 13531 | Lair:1   | Reached XP level 12. HP: 72/111 MP: 11/15
 13873 | Lair:1   | Reached skill level 5 in Invocations
 14356 | Lair:1   | Found a snail-covered altar of Cheibriados.
 14913 | Lair:2   | Noticed a four-headed hydra
 14914 | Lair:2   | Pacified a four-headed hydra
 15131 | Lair:2   | Reached **** piety under Elyvilon
 15270 | Lair:2   | Reached skill level 10 in Armour
 16131 | Lair:3   | Reached skill level 10 in Fighting
 16213 | Lair:3   | Found a hole to the Spider Nest.
 16345 | Lair:3   | Noticed a five-headed hydra
 16347 | Lair:3   | Pacified a five-headed hydra
 16366 | Lair:3   | Noticed a seven-headed hydra
 16370 | Lair:3   | Killed a five-headed hydra
 16375 | Lair:3   | Killed a seven-headed hydra
 16634 | Lair:3   | Noticed a four-headed hydra
 16638 | Lair:3   | Pacified a four-headed hydra
 16645 | Lair:3   | Reached skill level 11 in Unarmed Combat
 16664 | Lair:3   | Found a staircase to the Swamp.
 17035 | Lair:4   | Reached XP level 13. HP: 120/120 MP: 18/18
 17319 | Lair:4   | Found a gate leading to a gauntlet.
 17328 | Gauntlet | Entered a Gauntlet
 17328 | Gauntlet | Found a transporter.
 17328 | Gauntlet | Found a transporter.
 17442 | Gauntlet | Found a transporter.
 17445 | Gauntlet | Found a transporter.
 17449 | Gauntlet | Found a runed translucent door.
 17451 | Gauntlet | Found a runed translucent door.
 17453 | Gauntlet | Found a transporter.
 17456 | Gauntlet | Found a transporter.
 17464 | Gauntlet | Found a transporter.
 17482 | Gauntlet | Found a transporter.
 17499 | Gauntlet | Found a transporter.
 17502 | Gauntlet | Found a transporter.
 17512 | Gauntlet | Found a transporter.
 17515 | Gauntlet | Found a transporter.
 17685 | Gauntlet | Identified the ring of Pydghiyn {*Slow rElec rCorr Str+4
                  | SInv}
 17689 | Gauntlet | Identified the +1 triple sword of Armageddon {flame, Dex+3}
 17692 | Gauntlet | Identified the +1 leather armour "Jumel" {Int+3}
 17709 | Gauntlet | Identified the +1 morningstar "Diuterad" {drain, Str+3}
 17709 | Gauntlet | Noticed a minotaur
 17735 | Gauntlet | HP: 19/110 [minotaur/the +1 morningstar "Diuterad" {drain,
                  | Str+3} (21)]
 17735 | Gauntlet | HP: 9/105 [minotaur/the +1 morningstar "Diuterad" {drain,
                  | Str+3} (10)]
 17745 | Gauntlet | HP: 27/93 [minotaur/the +1 morningstar "Diuterad" {drain,
                  | Str+3} (8)]
 17754 | Gauntlet | Killed a minotaur
 17966 | Gauntlet | Got the Volume of Enchanting Phlogiston
 18178 | Lair:4   | Found a viscous altar of Jiyva.
 18178 | Lair:4   | Found a staircase to the Slime Pits.
 19184 | Lair:5   | Entered Level 5 of the Lair of Beasts
 19792 | Lair:5   | HP: 27/124 [death yak (17)]
 19800 | Lair:5   | HP: 37/124 [death yak (9)]
 20118 | Lair:5   | Reached XP level 14. HP: 92/132 MP: 20/20
 20824 | Lair:4   | Reached skill level 12 in Unarmed Combat
 20835 | Lair:4   | Reached skill level 1 in Evocations
 21531 | Lair:5   | Identified the amulet "Loudwi Hiro" {Reflect Will+ Int+2
                  | SH+5}
 21701 | Lair:4   | Fell from the grace of Elyvilon
 21701 | Lair:4   | Became a worshipper of Jiyva Jigry the Shapeless
 22083 | D:11     | Identified the +4 short sword of Beogh's Brutal Revenge
                  | {protect, Str+3 Int+2}
 22114 | D:11     | Reached skill level 1 in Stealth
 22463 | D:12     | Found a staircase to the Orcish Mines.
 22482 | D:12     | Reached * piety under Jiyva
 22587 | D:12     | Noticed Fannar
 22592 | D:12     | Killed Fannar
 22862 | D:12     | Noticed Josephine
 22897 | D:12     | Killed Josephine
 22997 | D:12     | Reached ** piety under Jiyva
 23312 | D:13     | Found a large runed translucent door.
 23312 | D:13     | Found a large runed translucent door.
 23410 | D:13     | Noticed Urug
 23418 | D:13     | Killed Urug
 23538 | D:13     | Reached *** piety under Jiyva
 23538 | D:13     | Gained mutation: Your translucent skin slightly reduces
                  | your foes' accuracy. (Stealth+) [Jiyva's grace]
 23538 | D:13     | Gained mutation: Your translucent skin reduces your foes'
                  | accuracy. (Stealth+) [Jiyva's grace]
 23538 | D:13     | Gained mutation: Your transparent skin significantly
                  | reduces your foes' accuracy. (Stealth+) [Jiyva's grace]
 23538 | D:13     | Gained mutation: You have large cloven feet. [Jiyva's
                  | grace]
 24044 | D:14     | Reached **** piety under Jiyva
 24144 | D:14     | Noticed Louise
 24247 | D:14     | Reached skill level 5 in Stealth
 24291 | D:14     | Reached skill level 10 in Shields
 24338 | D:14     | Reached ***** piety under Jiyva
 24388 | D:14     | Lost mutation: Your transparent skin significantly reduces
                  | your foes' accuracy. (Stealth+) [Jiyva's grace]
 24388 | D:14     | Gained mutation: You have supernaturally acute eyesight.
                  | (SInv) [Jiyva's grace]
 24388 | D:14     | Gained mutation: You have a pair of small antennae on your
                  | head. [Jiyva's grace]
 24388 | D:14     | Gained mutation: You have a pair of antennae on your head.
                  | [Jiyva's grace]
 24388 | D:14     | Gained mutation: You have a pair of large antennae on your
                  | head. (SInv) [Jiyva's grace]
 24558 | D:15     | Entered Level 15 of the Dungeon
 24795 | D:15     | Found a staircase to the Depths.
 25122 | D:15     | Reached XP level 15. HP: 110/141 MP: 21/21
 25317 | D:15     | Reached skill level 5 in Evocations
 25584 | Orc:1    | Entered Level 1 of the Orcish Mines
 25659 | Orc:2    | Entered Level 2 of the Orcish Mines
 25750 | Orc:2    | Reached skill level 13 in Unarmed Combat
 26047 | Orc:2    | Found Zupheh's Distillery.
 26097 | Orc:2    | Found Sito's Magic Scroll Shop.
 26240 | Orc:2    | Bought a potion of haste for 120 gold pieces
 26240 | Orc:2    | Bought a potion of curing for 36 gold pieces
 26240 | Orc:2    | Bought a potion of might for 48 gold pieces
 26240 | Orc:2    | Bought a potion of heal wounds for 60 gold pieces
 26248 | Orc:2    | Bought a scroll of blinking for 105 gold pieces
 26250 | Orc:2    | Bought a scroll of identify for 28 gold pieces
 26503 | Orc:2    | Lost mutation: You have supernaturally acute eyesight.
                  | (SInv) [Jiyva's grace]
 26503 | Orc:2    | Gained mutation: Your rubbery body absorbs attacks. (AC +1,
                  | EV +1) [Jiyva's grace]
 26503 | Orc:2    | Gained mutation: Your pliable body absorbs attacks. (AC +2,
                  | EV +2) [Jiyva's grace]
 26503 | Orc:2    | Gained mutation: Your gelatinous body deflects attacks. (AC
                  | +3, EV +3) [Jiyva's grace]
 26503 | Orc:2    | Gained mutation: Your system is resistant to poisons.
                  | (rPois) [Jiyva's grace]
 26729 | Orc:2    | Found a staircase to the Elven Halls.
 26877 | Orc:2    | Reached skill level 5 in Dodging
 27201 | Orc:2    | Found Dacwafyd's Jewellery Emporium.
 27201 | Orc:2    | Found a one-way gate leading to the halls of Pandemonium.
 27201 | Orc:2    | Found Dorph's Antique Armour Shoppe.
 27208 | Orc:2    | Bought the ring "Kit Ynk" {rF+ rC++ Will+} for 678 gold
                  | pieces
 27300 | Orc:1    | Noticed Nergalle
 27387 | Orc:1    | Killed Nergalle
 27725 | Orc:1    | Found a runed translucent gate.
 27725 | Orc:1    | Found a runed translucent gate.
 27726 | Orc:1    | Found a runed translucent gate.
 27729 | Orc:1    | Noticed Vuvadabb's ghost (journeyman HOMo)
 27990 | D:12     | Upgraded the game from 0.30-a0-1124-g6e8f0f562f to
                  | 0.30-a0-1157-g2cc9ac7196
 28139 | Swamp:1  | Entered Level 1 of the Swamp
 28307 | Swamp:1  | Found a white marble altar of Elyvilon.
 28396 | Swamp:1  | Identified the +2 scale mail "Hiust" {rPois rC+ rCorr
                  | Str+2}
 28575 | Swamp:1  | Reached skill level 14 in Unarmed Combat
 28941 | Swamp:2  | Lost mutation: You have a pair of large antennae on your
                  | head. (SInv) [Jiyva's grace]
 28941 | Swamp:2  | Lost mutation: You have a pair of antennae on your head.
                  | [Jiyva's grace]
 28941 | Swamp:2  | Lost mutation: Your gelatinous body deflects attacks. (AC
                  | +3, EV +3) [Jiyva's grace]
 28941 | Swamp:2  | Lost mutation: Your translucent skin reduces your foes'
                  | accuracy. (Stealth+) [Jiyva's grace]
 28941 | Swamp:2  | Gained mutation: Your melee attacks may engulf your foes in
                  | ooze. [Jiyva's grace]
 28941 | Swamp:2  | Gained mutation: Your movements are slightly less
                  | encumbered by armour. (ER -2) [Jiyva's grace]
 28941 | Swamp:2  | Gained mutation: Your movements are less encumbered by
                  | armour. (ER -4) [Jiyva's grace]
 28941 | Swamp:2  | Gained mutation: Your movements are significantly less
                  | encumbered by armour. (ER -6) [Jiyva's grace]
 29047 | Swamp:2  | You fall into a shaft and drop 1 floor!
 29242 | Swamp:2  | Reached ****** piety under Jiyva
 29248 | Swamp:2  | Identified Roxanne's Quarto of Shapeshifting
 29248 | Swamp:2  | Noticed Roxanne
 29313 | Swamp:2  | Noticed a fenstrider witch
 29696 | Swamp:2  | Reached XP level 16. HP: 144/153 MP: 22/22
 29804 | Slime:1  | Entered Level 1 of the Pits of Slime
 29804 | Slime:1  | Noticed an acid blob
 29813 | Slime:2  | Noticed an acid blob
 29826 | Slime:2  | Noticed an acid blob
 29846 | Slime:4  | Noticed Dissolution
 29855 | Slime:5  | Entered Level 5 of the Pits of Slime
 29868 | Slime:5  | Found a viscous altar of Jiyva.
 29870 | Slime:5  | Noticed an acid blob
 29870 | Slime:5  | Noticed an acid blob
 29870 | Slime:5  | Noticed the Royal Jelly
 29870 | Slime:5  | Noticed an acid blob
 29870 | Slime:5  | Noticed an acid blob
 29873 | Slime:5  | Noticed an acid blob
 29873 | Slime:5  | Noticed an acid blob
 29873 | Slime:5  | Noticed an acid blob
 29874 | Slime:5  | Noticed an acid blob
 29874 | Slime:5  | Noticed an acid blob
 29877 | Slime:5  | Identified the +6 falchion "Yfra" {freeze, rCorr}
 29878 | Slime:5  | Identified the ring "Urcharoru" {rN++ AC+4}
 29889 | Slime:5  | Identified the ring "Nussar" {+Blink rN+ Will- Int+3}
 29891 | Slime:5  | Identified the ring "Noz Imeg" {Will+ EV+5 Dex+3 SInv}
 29910 | Slime:5  | Identified the amulet of Diet {Spirit rElec}
 29912 | Slime:5  | Got a slimy rune of Zot
 29913 | Slime:5  | Identified the +3 scimitar of the Depths {freeze, rElec
                  | rPois Dex-4}
 29926 | Slime:5  | Identified the staff of fire "Xame" {rPois rF+ rCorr Str+4
                  | Int-2}
 29950 | Slime:4  | Noticed an acid blob
 30042 | Spider:1 | Entered Level 1 of the Spider Nest
 30322 | Spider:1 | Lost mutation: You have a pair of small antennae on your
                  | head. [Jiyva's grace]
 30322 | Spider:1 | Lost mutation: You have large cloven feet. [Jiyva's grace]
 30322 | Spider:1 | Lost mutation: Your pliable body absorbs attacks. (AC +2,
                  | EV +2) [Jiyva's grace]
 30322 | Spider:1 | Gained mutation: You have sharp toenails. [Jiyva's grace]
 30322 | Spider:1 | Gained mutation: You have razor-sharp toenails. [Jiyva's
                  | grace]
 30322 | Spider:1 | Gained mutation: You have claws for feet. [Jiyva's grace]
 30322 | Spider:1 | Gained mutation: Your flesh is cold resistant. (rC+)
                  | [Jiyva's grace]
 31349 | Spider:1 | HP: 40/150 [wolf spider (10)]
 31350 | Spider:1 | HP: 19/150 [pharaoh ant (23)]
 31706 | Spider:2 | Found a frozen archway.
 31745 | IceCv    | Entered an ice cave
 31762 | IceCv    | HP: 29/146 [dire elephant simulacrum (20)]
 31767 | IceCv    | HP: 40/148 [dire elephant simulacrum (21)]
 31774 | IceCv    | HP: 34/150 [dire elephant simulacrum (6)]
 31776 | IceCv    | HP: 10/150 [dire elephant simulacrum (12)]
 31848 | IceCv    | Found a transporter.
 31854 | IceCv    | Found a transporter.
 32299 | Spider:3 | Noticed Arachne
 32309 | Spider:3 | Slimified Arachne
 32309 | Spider:3 | Arachne changed into Arachne the acid blob
 32309 | Spider:3 | Noticed Arachne
 32317 | Spider:3 | a pharaoh ant changed into an acid blob
 32317 | Spider:3 | Noticed an acid blob
 32432 | Spider:3 | Killed Arachne the acid blob
 32433 | Spider:3 | Lost mutation: Your rubbery body absorbs attacks. (AC +1,
                  | EV +1) [Jiyva's grace]
 32433 | Spider:3 | Lost mutation: Your melee attacks may engulf your foes in
                  | ooze. [Jiyva's grace]
 32433 | Spider:3 | Gained mutation: You are robust. (+10% HP) [Jiyva's grace]
 32433 | Spider:3 | Gained mutation: You are very robust. (+20% HP) [Jiyva's
                  | grace]
 32433 | Spider:3 | Gained mutation: You are extremely robust. (+30% HP)
                  | [Jiyva's grace]
 32433 | Spider:3 | Gained mutation: Your tail ends in a venomous barb.
                  | [Jiyva's grace]
 32862 | Spider:3 | Killed an acid blob
 32894 | Spider:3 | HP: 42/161 [jorogumo/bolt of negative energy (44)]
 33769 | Spider:4 | Entered Level 4 of the Spider Nest
 33842 | Spider:4 | Reached skill level 15 in Unarmed Combat
 34611 | Spider:4 | Upgraded the game from 0.30-a0-1157-g2cc9ac7196 to
                  | 0.30-a0-1160-g6e42c06551
 34722 | Spider:4 | Reached XP level 17. HP: 193/196 MP: 23/23
 35141 | Spider:4 | Identified the ring of Zizil {rElec rPois rF+ rC- Dex+7}
 35504 | Spider:4 | Reached skill level 10 in Evocations
 36240 | Swamp:3  | Lost mutation: You have claws for feet. [Jiyva's grace]
 36240 | Swamp:3  | Lost mutation: Your flesh is cold resistant. (rC+) [Jiyva's
                  | grace]
 36240 | Swamp:3  | Lost mutation: Your system is resistant to poisons. (rPois)
                  | [Jiyva's grace]
 36240 | Swamp:3  | Lost mutation: You are extremely robust. (+30% HP) [Jiyva's
                  | grace]
 36240 | Swamp:3  | Lost mutation: Your translucent skin slightly reduces your
                  | foes' accuracy. (Stealth+) [Jiyva's grace]
 36240 | Swamp:3  | Gained mutation: Your melee attacks may engulf your foes in
                  | ooze. [Jiyva's grace]
 36240 | Swamp:3  | Gained mutation: You are covered in fur. (AC +1) [Jiyva's
                  | grace]
 36240 | Swamp:3  | Gained mutation: You are covered in thick fur. (AC +2)
                  | [Jiyva's grace]
 36240 | Swamp:3  | Gained mutation: Your thick and shaggy fur keeps you warm.
                  | (AC +3, rC+) [Jiyva's grace]
 36410 | Swamp:4  | Entered Level 4 of the Swamp
 37483 | Swamp:4  | Noticed the 27-headed Lernaean hydra
 37483 | Swamp:4  | Killed the 27-headed Lernaean hydra
 37491 | Swamp:4  | HP: 56/195 [spriggan druid/angry trees (7)]
 37496 | Swamp:3  | HP: 33/195 [poison (poison gas)]
 37501 | Swamp:3  | HP: 36/195 [poison (poison gas)]
 38394 | Swamp:4  | Got a decaying rune of Zot
 38728 | Swamp:2  | Killed Roxanne
 39060 | Spider:4 | Gained mutation: Potions are less effective at restoring
                  | your health. [mutagenic glow]
 39079 | Spider:3 | Gained mutation: You occasionally shout uncontrollably at
                  | your foes. [mutagenic glow]
 39086 | Spider:3 | Lost mutation: Your movements are significantly less
                  | encumbered by armour. (ER -6) [mutagenic glow]
 39159 | Spider:4 | Got a gossamer rune of Zot
 39547 | Elf:1    | Entered Level 1 of the Elven Halls
 39580 | Elf:1    | Reached skill level 15 in Fighting
 39580 | Elf:1    | Reached skill level 16 in Unarmed Combat
 40359 | Elf:1    | Lost mutation: You have razor-sharp toenails. [Jiyva's
                  | grace]
 40359 | Elf:1    | Lost mutation: Potions are less effective at restoring your
                  | health. [Jiyva's grace]
 40359 | Elf:1    | Lost mutation: Your movements are less encumbered by
                  | armour. (ER -4) [Jiyva's grace]
 40359 | Elf:1    | Gained mutation: Your mind is acute. (Int +4, Str/Dex -1)
                  | [Jiyva's grace]
 40359 | Elf:1    | Gained mutation: Your mind is very acute. (Int +8, Str/Dex
                  | -2) [Jiyva's grace]
 40359 | Elf:1    | Gained mutation: You have acidic saliva. [Jiyva's grace]
 40359 | Elf:1    | Gained mutation: Your spells are a little harder to cast,
                  | but a little more powerful. [Jiyva's grace]
 40469 | Elf:1    | Reached XP level 18. HP: 206/207 MP: 24/24
 40920 | Elf:2    | Found a portal to a secret trove of treasure.
 40944 | Elf:2    | Found Agorho's Assorted Antiques.
 41456 | Elf:2    | Found a runed translucent gate.
 41456 | Elf:2    | Found a runed translucent gate.
 41457 | Elf:2    | Found a runed translucent gate.
 42162 | Elf:3    | Entered Level 3 of the Elven Halls
 42623 | Elf:3    | Lost mutation: You have sharp toenails. [Jiyva's grace]
 42623 | Elf:3    | Lost mutation: Your mind is very acute. (Int +8, Str/Dex
                  | -2) [Jiyva's grace]
 42623 | Elf:3    | Lost mutation: You occasionally shout uncontrollably at
                  | your foes. [Jiyva's grace]
 42623 | Elf:3    | Lost mutation: Your movements are slightly less encumbered
                  | by armour. (ER -2) [Jiyva's grace]
 42623 | Elf:3    | Gained mutation: You are partially covered in iridescent
                  | scales. (AC +2) [Jiyva's grace]
 42623 | Elf:3    | Gained mutation: You are mostly covered in iridescent
                  | scales. (AC +4) [Jiyva's grace]
 42623 | Elf:3    | Gained mutation: You are completely covered in iridescent
                  | scales. (AC +6) [Jiyva's grace]
 42623 | Elf:3    | Gained mutation: Your body has grown eyes which may confuse
                  | attackers. (Acc +3) [Jiyva's grace]
 42653 | Elf:3    | Identified the ring of Qeesi {rPois rF+ MP+9 Str+2}
 42690 | Elf:3    | HP: 51/207 [ghostly deep elf annihilator/bolt of lightning
                  | (42)]
 42691 | Elf:3    | Killed from afar by a ghostly deep elf annihilator

Illustrated notes

Levels and vault maps discovered:
D:1:      roderic_chinese_lattice_arrival, layout_basic, wad_woods_river_04
D:2:      layout_rooms, chequers_decorated_corner,
          chequers_serial_rivers_micro_a
D:3:      layout_loops_ring, kennysheep_okawaru_gauntlet, zin_academy,
          mainiacjoe_overflow_chevrons, gup_sewer_entry_pipe
D:4:      layout_rooms, nemelex_diamond_rough_becter, serial_shops,
          nicolae_shop_just_a_little_nook, serial_undead, serial_undead_c,
          serial_undead_b, serial_undead_d, serial_undead_a, solitary_fountain,
          kennysheep_generic_room_5
D:5:      layout_layer_cave, kiku_gazebo_pond_becter, nrook_uturn,
          dreamdust_gnoll_farm
D:6:      layout_basic, chequers_serial_rivers_micro_e
D:7:      layout_loops_ring, mainiacjoe_overflow_surrounded_room,
          minmay_temple_entry_arrows, serial_rivers,
          chequers_serial_rivers_small_3, chequers_serial_rivers_small_b,
          chequers_serial_rivers_micro_c, chequers_serial_rivers_small_b,
          chequers_serial_rivers_micro_b, chequers_serial_rivers_marsh,
          ebering_ghost_gozag
D:8:      layout_cave_pools, gammafunk_ghost_hydra_chop, uniq_grum
D:9:      layout_long_grid, lemuel_crystal_altar,
          nicolae_qazlal_eye_of_the_storm, lemuel_mausoleum_altar_yredelemnul,
          chei_slow_surprise, elyvilon_altar_4, enter_bailey_3,
          minmay_misc_feat_secret_circle, serial_park_tiny_pond
D:10:     layout_layer_cave, uniq_joseph
D:11:     layout_basic, erik_lair_island, minmay_pinched_square
D:12:     layout_roguey, david_orc_3, special_room [special_room_orc],
          minivault_14, nicolae_kite_square_tiling_tiny, uniq_josephine,
          uniq_fannar
D:13:     layout_roguey, lightli_elemental_guards, uniq_urug
D:14:     layout_stronghold, grunt_vaults_entry_fortified, fedhas_altar_1,
          uniq_louise
D:15:     hangedman_depths_entry_civil_slaughter, layout_basic,
          nicolae_water_bricks
Temple:   bh_familiar_temple
Lair:1:   layout_regular_city, gammafunk_ghost_grave, kennysheep_snail_temple,
          grunt_megastairs_4, uniq_amaemon
Lair:2:   layout_roguey
Lair:3:   layout_gridlike, palyth_hydra_swamp_entry, spider_nest_entry_rubble
Lair:4:   layout_long_grid, dpeg_slime_entry_enclosed, gauntlet_entry_generic,
          st_stairs_12, beast_lair_carwin_3
Lair:5:   grunt_lair_end_beastmaster, layout_cave_pods, lemuel_fruit_fields
Swamp:1:  nicolae_swamp_decorative_isthmus, layout_falls_marsh, basic_altar,
          infiniplex_staircase_pool_2
Swamp:2:  layout_basic_swamp, hangedman_swamp_blocks, uniq_roxanne
Swamp:3:  layout_basic_swamp, evilmike_swamp_ruin_house_1, swamp_pool2
Swamp:4:  swamp_old_school, layout_basic_swamp
Spider:1: layout_chambers
Spider:2: layout_spider_delve, portal_ice_cave_entry_dragon,
          nicolae_spider_cling_ruins
Spider:3: layout_chambers, nicolae_spider_world_wide_web,
          hangedman_spider_tarantella_strand, uniq_arachne
Spider:4: hellmonk_spider_rune_bug_friends
Slime:1:  layout_caves
Slime:2:  layout_caves
Slime:3:  layout_caves
Slime:4:  layout_caves, dissolution_awaits
Slime:5
Orc:1:    layout_caves, gammafunk_ghost_split, uniq_nergalle
Orc:2:    pf_orc_diabolical, layout_diamond_mine, guppyfry_library_mini
Elf:1:    eino_elf_arrival_the_gate, layout_onion_city, minivault_28,
          st_stairs_1
Elf:2:    nicolae_elf_blades_splatter_lattice [infiniplex_blade_entry_pillars],
          layout_geoelf_octagon, enter_trove_2, serial_shops,
          nicolae_shop_overgrown_old_shop, st_stairs_4
Elf:3:    elf_hall, layout_geoelf_castle, nicolae_shop_vocational

Skill      XL: |  1  2  3  4  5  6  7  8  9 10 11 12 13 14 15 16 17 18 |
---------------+-------------------------------------------------------+-----
Unarmed Combat | 3 4 5 7 9 10 11 12 14 15 16 | 16.5
Fighting       | 3 4 5 7 8 9 10 11 12 13 14 15 | 15.5
Air Magic      | 1 2 3 4 |  4.3
Poison Magic   | 1 2 3 4 |  4.3
Dodging        | 3 4 6 7 9 |  9.9
Armour         | 5 7 9 10 12 13 | 13.7
Shields        | 5 7 9 10 | 10.0
Invocations    | 4 6 8 |  8.0
Evocations     | 4 7 9 11 12 | 12.0
Stealth        | 5 |  5.0

Action                     |  1- 3 |  4- 6 |  7- 9 | 10-12 | 13-15 | 16-18 || total
---------------------------+-------+-------+-------+-------+-------+-------++-------
  Melee: Unarmed           |   115 |   191 |   301 |   785 |  1631 |  1508 ||  4531
         Tailslap          |    22 |    31 |    56 |   153 |   323 |   337 ||   922
         Kick              |       |       |       |       |   323 |   659 ||   982
         Bite              |       |       |       |       |       |    32 ||    32
   Cast: Poisonous Vapours |       |       |     1 |    38 |     6 |       ||    45
 Invoke: Heal Other        |       |       |       |    13 |    20 |       ||    33
         Heal Self         |       |       |       |     1 |     4 |       ||     5
         Purification      |       |       |       |       |     2 |       ||     2
         Oozemancy         |       |       |       |       |     4 |     4 ||     8
         Slimify           |       |       |       |       |     1 |     4 ||     5
  Evoke: Wand              |       |       |     2 |     6 |     7 |     1 ||    16
         Lightning rod     |       |       |       |       |     2 |     8 ||    10
         Condenser vane    |       |       |       |       |     1 |     3 ||     4
         Phantom mirror    |       |       |       |       |       |     2 ||     2
    Use: Scroll            |       |       |       |    12 |     9 |    14 ||    35
         Potion            |       |       |       |     1 |     7 |     9 ||    17
   Stab: Petrified         |       |       |       |       |     5 |       ||     5
         Sleeping          |       |       |       |       |    10 |    14 ||    24
         Distracted        |       |       |       |       |     1 |     7 ||     8
 Armour: Robe              |    35 |    38 |       |       |       |       ||    73
         Ring mail         |       |    73 |   177 |   186 |       |       ||   436
         Leather armour    |       |       |       |   280 |   361 |       ||   641
         Scale mail        |       |       |       |       |   370 |   554 ||   924
  Dodge: Dodged            |    43 |    78 |   113 |   298 |   314 |   927 ||  1773
  Block: Kite shield       |       |       |       |    98 |    46 |       ||   144
         Tower shield      |       |       |       |       |  1199 |  1526 ||  2725
         Reflection        |       |       |       |       |    26 |    24 ||    50

Table legend: (Time is in decaauts)
 A = Elapsed time spent in this place.
 B = Non-inter-level travel time spent in this place.
 C = Inter-level travel time spent in this place.
 D = Time resting spent in this place.
 E = Time spent auto-exploring this place.
 F = Levels seen in this place.
 G = Mean time per level.
                   A        B        C        D        E       F      G
               +--------+--------+--------+--------+--------+-----+--------+
         Total |  42458 |  38584 |   3874 |   4138 |  23369 |  43 |  987.4 |
       Dungeon |  15891 |  14723 |   1168 |   1029 |  10410 |  15 | 1059.4 |
        Temple |    181 |    166 |     15 |      0 |    161 |   1 |  181.0 |
          Lair |   8400 |   7536 |    864 |    784 |   4740 |   5 | 1680.0 |
         Swamp |   4577 |   4119 |    458 |    652 |   2193 |   4 | 1144.2 |
   Spider Nest |   6036 |   5368 |    668 |    832 |   2715 |   4 | 1509.0 |
    Slime Pits |    189 |     42 |    147 |      0 |      0 |   5 |   37.8 |
  Orcish Mines |   2457 |   2166 |    291 |    196 |   1008 |   2 | 1228.5 |
   Elven Halls |   3113 |   2850 |    263 |    374 |   1482 |   3 | 1037.7 |
         Sewer |    422 |    422 |      0 |      0 |    215 |   1 |  422.0 |
        Bailey |    363 |    363 |      0 |      8 |    192 |   1 |  363.0 |
      Ice Cave |    135 |    135 |      0 |     59 |      0 |   1 |  135.0 |
      Gauntlet |    688 |    688 |      0 |    201 |    253 |   1 |  688.0 |
               +--------+--------+--------+--------+--------+-----+--------+

Top non-repeatable levels by time:
  Lair:5: 2301 daAuts
Spider:3: 2258 daAuts
  Lair:1: 1840 daAuts
     D:7: 1830 daAuts
   Orc:2: 1748 daAuts
     D:9: 1747 daAuts
  Lair:3: 1568 daAuts
Spider:1: 1536 daAuts
  Lair:4: 1521 daAuts
     D:5: 1486 daAuts
    D:11: 1466 daAuts
Spider:4: 1420 daAuts
    D:10: 1403 daAuts
 Swamp:3: 1386 daAuts
 Swamp:4: 1358 daAuts
